 Dungeon Crawl Stone Soup version 0.29-a0-1061-gbc57f8fbdb (webtiles) character file.

Game seed: 3396141847227786858

21 BritishOli the Trooper (level 2, 0/24 HPs)
             Began as a Demonspawn Fighter on Aug 18, 2022.
             Succumbed to an adder's poison
             ... on level 2 of the Dungeon.
             The game lasted 00:00:27 (310 turns).

BritishOli the Trooper (Demonspawn Fighter)          Turns: 310, Time: 00:00:28

Health: 0/24       AC:  6    Str: 16    XL:     2   Next: 65%
Magic:  2/2        EV:  8    Int:  9    God:
Gold:   0          SH:  4    Dex: 12    Spells: 1/1 levels left

rFire   . . .      SeeInvis .   a - +0 long sword
rCold   . . .      Faith    .   c - +0 buckler
rNeg    . . .      Spirit   .   b - +0 scale mail
rPois   .          Reflect  .   (no helmet)
rElec   .          Harm     .   (no cloak)
rCorr   .          Rampage  .   (no gloves)
Will    .....                   (no boots)
Stlth   ..........              (no amulet)
HPRegen 0.08/turn               (no ring)
MPRegen 0.08/turn               (no ring)

@: lethally poisoned (0 -> -1)
A: spiny 1
a: no special abilities


You were on level 2 of the Dungeon.
You visited 1 branch of the dungeon, and saw 2 of its levels.

Inventory:

Hand Weapons
 a - a +0 long sword (weapon)
Armour
 b - a +0 scale mail (worn)
 c - a +0 buckler (worn)
Scrolls
 e - a scroll of identify
 f - a scroll of immolation
Potions
 d - a potion of might


   Skills:
 * Level 3.2 Fighting
 * Level 2.2 Long Blades
 + Level 2.9 Armour
 + Level 2.9 Shields


You had one spell level left.
You didn't know any spells.
Your spell library was empty.

Dungeon Overview and Level Annotations

Branches:
Dungeon (1/15)

Altars:


Innate Abilities, Weirdness & Mutations

You are partially covered in sharp spines.


Message History

The adder poisons you!
There are monsters nearby!
You closely miss the adder.
The adder is heavily wounded.
You feel very sick. The adder is struck by your spines.
The adder barely misses you. The adder is struck by your spines.
You kill the adder!
A rat is nearby!
You are too injured to fight recklessly!
A rat is nearby!
You are too injured to fight recklessly!
A rat is nearby!
You are too injured to fight recklessly!
Unknown command.
You are too injured to fight recklessly!
You are too injured to fight recklessly!
You are too injured to fight recklessly!
You feel sick. The rat bites you but does no damage.
You hit the rat but do no damage.
* * * LOW HITPOINT WARNING * * *
You feel sick. The rat bites you but does no damage. The rat bites you.
* * * LOW HITPOINT WARNING * * *
You slash the rat!
You kill the rat!
* * * LOW HITPOINT WARNING * * *
You feel sick.
* * * LOW HITPOINT WARNING * * *
You feel sick.
Okay, then.
* * * LOW HITPOINT WARNING * * *
You feel sick.
* * * LOW HITPOINT WARNING * * *
You feel sick.
You aren't wearing any rings or amulets.
Unknown command.
As you read the scroll labelled RUPRUVV PUWNI, it crumbles to dust.
It is a scroll of identify.
f - a scroll of immolation You die...

#.# #.# #.#
##### #.#
#...
#.###.#######
#.#..........
#..........#
###.#.####.#
#.#@# #.#.#
#.#.# #.#.#
#.#.. #.###


There were no monsters in sight!

Vanquished Creatures
  2 adders (D:2)
  An endoplasm (D:2)
  A kobold (D:2)
  A rat (D:2)
5 creatures vanquished.

Notes
Turn   | Place    | Note
-------+----------+-------------------------------------------
     0 | D:1      | BritishOli the Demonspawn Fighter began the quest for the
                  | Orb.
     0 | D:1      | Reached XP level 1. HP: 18/18 MP: 1/1
    36 | D:1      | You fall into a shaft and drop 1 floor!
    88 | D:2      | Gained mutation: You are partially covered in sharp spines.
                  | [demonic ancestry]
    88 | D:2      | Reached XP level 2. HP: 7/24 MP: 2/2
   309 | D:2      | HP: 1/24 [poisoned by an adder]
   310 | D:2      | Succumbed to an adder's poison

Illustrated notes

Levels and vault maps discovered:
D:1:      eino_arrival_water_cross, layout_basic, basic_ecumenical_altar,
          st_stairs_2
D:2:      layout_basic, uniq_sigmund

Skill      XL: |  1 |
---------------+----+-----
Long Blades    | 2 |  2.2
Fighting       | |  3.2
Armour         | |  2.9
Shields        | |  2.9

Action                   || total
-------------------------++-------
Melee: Long sword        ||    28
  Use: Scroll            ||     1
Armor: Scale mail        ||    14
Dodge: Dodged            ||     9
Block: Buckler           ||    11

Table legend: (Time is in decaauts)
 A = Elapsed time spent in this place.
 B = Non-inter-level travel time spent in this place.
 C = Inter-level travel time spent in this place.
 D = Time resting spent in this place.
 E = Time spent auto-exploring this place.
 F = Levels seen in this place.
 G = Mean time per level.
                   A        B        C        D        E       F      G
               +--------+--------+--------+--------+--------+-----+--------+
         Total |    319 |    319 |      0 |      0 |    265 |   2 |  159.5 |
       Dungeon |    319 |    319 |      0 |      0 |    265 |   2 |  159.5 |
               +--------+--------+--------+--------+--------+-----+--------+

Top non-repeatable levels by time:
     D:2: 283 daAuts
     D:1: 36 daAuts
